 Dungeon Crawl Stone Soup version 0.18.1-48-g4cf74bf (webtiles) character file.

262 Doomgape the Shooter (level 5, 0/41 HPs)
             Began as a Demigod Hunter on Aug 6, 2016.
             Killed from afar by an orc wizard (6 damage)
             ... with a magic dart
             ... on level 4 of the Dungeon.
             The game lasted 00:05:56 (2764 turns).

Doomgape the Shooter (Demigod Hunter)               Turns: 2764, Time: 00:05:56

Health: 0/41       AC:  5    Str: 15    XL:     5   Next: 64%
Magic:  7/7        EV: 12    Int: 15    God:
Gold:   210        SH:  0    Dex: 18    Spells: 0 memorised, 4 levels left

rFire  . . .     SeeInvis .     b - +0 short sword
rCold  . . .     Gourm    .     c - +0 leather armour
rNeg   . . .     Faith    .     (no shield)
rPois  .         Spirit   .     (no helmet)
rElec  .         Dismiss  .     (no cloak)
rCorr  .         Reflect  .     (no gloves)
SustAt +         Harm     .     g - +1 pair of boots
MR     .....                    (no amulet)
Stlth  ++........               (no ring)
                                m - ring of wizardry

@: not resistant to hostile enchantments, unstealthy
A: high mp 1, sustain attributes
a: no special abilities


You were on level 4 of the Dungeon.
You were not hungry.

You visited 1 branch of the dungeon, and saw 4 of its levels.

You collected 210 gold pieces.

Inventory:

Hand Weapons
 a - a +1 shortbow
 b - a +0 short sword (weapon)
Armour
 c - a +0 leather armour (worn)
 g - a +1 pair of boots (worn)
Jewellery
 m - a ring of wizardry (left hand)
Wands
 h - a wand of teleportation (3/9)
Scrolls
 e - a scroll of random uselessness
 i - a scroll of teleportation
 l - 2 scrolls of identify
 p - a scroll of recharging {unknown}
Potions
 j - 2 potions of berserk rage {unknown}
 k - a potion of agility
 n - a potion of brilliance
 o - 2 potions of magic
 r - a potion of lignification
 t - a potion of heal wounds {unknown}
Comestibles
 f - 2 bread rations
 q - a meat ration
 s - a chunk of flesh


   Skills:
 - Level 1.7 Fighting
 + Level 6.6 Bows
 - Level 1.7 Dodging
 - Level 0.8 Stealth


You had 4 spell levels left.
You didn't know any spells.

Dungeon Overview and Level Annotations

Branches:
Dungeon (4/15)
 Temple: D:4-7


Innate Abilities, Weirdness & Mutations

You have an increased reservoir of magic (+10% MP).
Your attributes are resistant to harm.


Message History

The orc priest barely misses you.
You hit the orc priest.
The orc priest is severely wounded.
The orc wizard casts a cantrip, but nothing happens.
The orc wizard hits you but does no damage.
The orc priest hits you but does no damage.
You closely miss the orc priest.
The orc priest is severely wounded.
The orc wizard barely misses you. The orc priest barely misses you.
The orc wizard barely misses you.
You barely miss the orc priest.
The orc priest is severely wounded.
The orc wizard hits you but does no damage.
The orc priest looks braver for a moment.
You hit the orc priest.
The orc priest is almost dead.
The orc wizard barely misses you. The orc wizard casts a spell at you.
The magic dart hits you!
You die...

#......#
#......#########
##+#............
#............
#............
#............
#............
....####o#######
....#...o@.#
.....#.((...#
.... #.((...#
... ##(....#
#()...# #((..(.
#.(.....
+.(.%.%..


You could see an orc priest and an orc wizard.

Vanquished Creatures
  An orc priest (D:3)
  4 orc wizards
  Robin (D:2)
  4 adders
  A worm (D:3)
  A dart slug (D:1)
  A giant gecko (D:1)
  5 orcs (D:3)
  6 bats
  2 giant cockroaches
  15 goblins
  5 hobgoblins
  8 jackals
  4 quokkas
  2 giant newts
  3 kobolds (D:2)
  3 rats
66 creatures vanquished.

Notes
Turn   | Place    | Note
--------------------------------------------------------------
     0 | D:1      | Doomgape the Demigod Hunter began the quest for the Orb.
     0 | D:1      | Reached XP level 1. HP: 17/17 MP: 3/3
   393 | D:1      | Reached skill level 4 in Bows
   742 | D:1      | Reached XP level 2. HP: 24/24 MP: 4/4
   813 | D:2      | Noticed Robin
   822 | D:2      | Killed Robin
   822 | D:2      | Reached XP level 3. HP: 14/29 MP: 5/5
   848 | D:2      | HP: 1/29 [poisoned by Robin]
  1271 | D:2      | Found an oddly glowing altar of Pakellas.
  1832 | D:3      | Reached skill level 5 in Bows
  1862 | D:3      | Reached XP level 4. HP: 36/36 MP: 6/6
  2045 | D:3      | Found a white marble altar of Elyvilon.
  2575 | D:3      | Reached skill level 6 in Bows
  2575 | D:3      | Reached XP level 5. HP: 41/41 MP: 7/7
  2764 | D:4      | Killed from afar by an orc wizard

Skill      XL: |  1  2  3  4 |
---------------+-------------+-----
Bows           | 4 5 6 |  6.6
Fighting       | |  1.7
Dodging        | |  1.7
Stealth        | |  0.8

Action                   |  1- 3 |  4- 6 || total
-------------------------+-------+-------++-------
Melee: Short sword       |       |     7 ||     7
 Fire: Shortbow          |    82 |    74 ||   156
  Use: Potion            |     3 |       ||     3
       Scroll            |       |     4 ||     4
  Eat: Chunk             |     1 |     4 ||     5
Armor: Leather armour    |    10 |     9 ||    19
Dodge: Dodged            |    20 |    16 ||    36
